 Dungeon Crawl Stone Soup version 0.27.0-1-g7a089689b8 (webtiles) character file.

Game seed: 14268987137083200685

29434 ZombieSheep the Envoy of Void (level 13, -4/103 HPs)
             Began as a Demonspawn Abyssal Knight on Aug 8, 2021.
             Was a High Priest of Lugonu.
             Slain by a catoblepas (8 damage)
             ... on level 4 of the Lair of Beasts.
             The game lasted 00:45:13 (21658 turns).

ZombieSheep the Envoy of Void (DsAK)               Turns: 21658, Time: 00:45:14

Health: -4/103     AC: 23    Str: 17    XL:     13   Next: 15%
Magic:  21/22      EV: 24    Int: 14    God:    Lugonu [*****.]
Gold:   965        SH:  4    Dex: 16    Spells: 12/12 levels left

rFire    . . .     SeeInvis +   a - +1 spear (venom)
rCold    . . .     Faith    .   (no shield)
rNeg     + . .     Spirit   .   y - +0 chain mail
rPois    +         Reflect  .   x - +0 helmet
rElec    .         Harm     .   b - +0 cloak
rCorr    .         Rampage  .   (no gloves)
Will     .....                  H - +0 pair of boots "Vemaoczo" {Dex+3}
Stlth    ..........             g - amulet of the acrobat
HPRegen  0.27/turn              L - ring of Arrival {+Blink rN+ SInv Stlth+}
MPRegen  0.18/turn              r - ring of poison resistance

@: acrobatic
A: talons 2, icemail 2, sharp scales 1, condensation shield, demonic magic 1
a: Renounce Religion, Evoke Blink, Depart the Abyss, Bend Space, Banish,
Corrupt, Enter the Abyss


You were on level 4 of the Lair of Beasts.
You worshipped Lugonu.
Lugonu was extremely pleased with you.
You visited 3 branches of the dungeon, and saw 16 of its levels.
You visited the Abyss 1 time.

You collected 965 gold pieces.

Inventory:

Hand Weapons
 a - a +1 spear of venom (weapon)
 h - a +1 spear
 o - a +0 trident
 t - a +3 dagger of draining
 A - a +0 spear of freezing
Missiles
 f - a throwing net (quivered)
Armour
 b - a +0 cloak (worn)
 k - a +0 plate armour
 x - a +0 helmet (worn)
 y - a +0 chain mail (worn)
 H - the +0 pair of boots "Vemaoczo" (worn) {Dex+3}
   (You found it on level 10 of the Dungeon)

   Dex:       It affects your dexterity (+3).
Jewellery
 g - an amulet of the acrobat (around neck)
 i - a +4 ring of evasion
 r - a ring of poison resistance (right hand)
 F - a ring of flight
 G - a ring of ice
 L - the ring of Arrival (left hand) {+Blink rN+ SInv Stlth+}
   (You acquired it on level 3 of the Lair of Beasts)

   [ring of positive energy]

   rN:        It protects you from negative energy.
   SInv:      It lets you see invisible.
   +Blink:    It lets you blink.
   Stlth:     It makes you more stealthy.
Wands
 e - a wand of polymorph (5)
 s - a wand of flame (60)
 w - a wand of iceblast (22)
 E - a wand of paralysis (16)
 I - a wand of acid (5)
 K - a wand of digging (3)
 M - a wand of mindburst (19)
Scrolls
 l - 8 scrolls of teleportation
 D - a scroll of identify
 J - 3 scrolls of enchant weapon
 N - a scroll of vulnerability {unknown}
Potions
 c - 2 potions of magic
 d - a potion of cancellation
 j - 3 potions of mutation
 m - 2 potions of flight
 n - 4 potions of curing
 p - 4 potions of might
 q - a potion of berserk rage
 v - 2 potions of lignification
 z - 3 potions of invisibility
 B - a potion of haste {unknown}
 C - a potion of ambrosia


   Skills:
 - Level 10.0 Fighting
 + Level 12.0 Polearms
 * Level 6.3 Armour
 - Level 4.8 Dodging
 - Level 12.5 Invocations
 + Level 9.4 Evocations


You had 12 spell levels left.
You didn't know any spells.
Your spell library contained the following spells:

 Spells                   Type           Power      Damage    Failure   Level
 Corona                   Hex            0%         N/A       98%         1
 Blink                    Tloc           N/A        N/A       99%         2
 Ensorcelled Hibernation  Hex/Ice        0%         N/A       99%         2
 Spider Form              Tmut/Pois      0%         N/A       100%        3
 Tukima's Dance           Hex            0%         N/A       100%        3
 Airstrike                Air            0%         N/A       100%        4
 Summon Lightning Spire   Summ/Air       0%         N/A       100%        4
 Lightning Bolt           Conj/Air       0%         1d11      100%        5
 Manifold Assault         Tloc           0%         N/A       100%        5
 Shadow Creatures         Summ           N/A        N/A       100%        6
 Storm Form               Tmut/Air       0%         N/A       100%        7


Dungeon Overview and Level Annotations

Branches:
Dungeon (11/15)            Temple (0/1) D:6            Lair (4/6) D:11
 Shoals (0/4) Lair:2        Snake (0/4) Lair:3          Orc (1/2) D:9

Altars:
Ashenzari
Dithmenos
Makhleb
Nemelex Xobeh
Qazlal
Sif Muna
Trog
Vehumet
Wu Jian
Xom
Yredelemnul

Shops:
D:6 :(

Annotations:
D:2 Sigmund
D:6 1 runed translucent door, Carnifexus's ghost, novice GrFi
D:9 1 runed translucent door, Myro's ghost, novice TrAM
Lair:2 1 runed translucent door, Ekaitz's ghost, journeyman MfIE
Abyss:1 Harold; Snorg; Sonja; Urug


Innate Abilities, Weirdness & Mutations

You have razor-sharp toenails.
A meltable icy envelope protects you from harm. (AC +8)
You are partially covered in razor-sharp scales. (AC +1, Slay +1)
A meltable shield of frost defends you. (SH +4)
Spells you cast may paralyse adjacent enemies.


Message History

The catoblepas looks as sick as possible!
The catoblepas is lightly wounded.
The blink frog hits you!
The blink frog blinks!
The catoblepas gores you!!
The blink frog blinks!
You are too injured to fight recklessly!
You are too injured to fight recklessly!
Unknown command.
The blink frog blinks!
You see here a cane toad corpse.
The blink frog hits you!
* * * LOW HITPOINT WARNING * * *
The blink frog blinks!
The blink frog hits you but does no damage.
You block the blink frog's attack.
You feel much better. You block the blink frog's attack.
The blink frog hits you but does no damage.
The blink frog blinks!
The catoblepas gores you!
The blink frog hits you but does no damage.
As you read the scroll of teleportation, it crumbles to dust.
You feel strangely unstable.
The blink frog hits you but does no damage.
The blink frog blinks!
The blink frog hits you!
* * * LOW HITPOINT WARNING * * *
The blink frog blinks!
The catoblepas breathes a plume of calcifying dust at you.
The blast of calcifying dust hits you.
* * * LOW HITPOINT WARNING * * *
The blast of calcifying dust hits the blink frog.
The blink frog is engulfed in calcifying dust.
The blink frog is moving more slowly.
The blink frog blinks!
The blink frog hits you but does no damage.
Space bends around you!
You blink.
You enter the shallow water.
Moving in this stuff is going to be slow.
The blink frog blinks!
Your surroundings seem slightly different.
The blink frog stops moving altogether!
The catoblepas gores you!!
* * * LOW HITPOINT WARNING * * *
The blink frog blinks!
The catoblepas gores you!
You die...

......# #....#.....P##.#..#..
#...... #...#.......#........
#......## ##...................
#.......#####........#....#......
#........##.#.###..........#.....
....P>......F†####........##.....
.....P##F....#.##..#......##..#..
.........###F#†#F#.F♣P.≈≈.♣##..#.
....#..### #...§@Y§F≈§≈P≈≈≈♣...##
#P..F## ##...§#..♣♣≈PP≈≈≈#....
###. #..##§###♣≈≈≈♣####..# #
#.##### #PP♣# #### ### ####


You could see a catoblepas (very poisoned) and 4 blink frogs.

Vanquished Creatures
  3 hydras
  A two-headed ogre (D:10)
  Pikel (D:4)
  2 black mambas
  Joseph (Lair:1)
  An elephant (D:11)
  9 cane toads
  An unseen horror (D:11)
  4 komodo dragons
  A yaktaur (shapeshifter) (D:10)
  A polar bear (Lair:2)
  3 trolls
  2 hornets
  6 blink frogs
  2 wyverns (Lair:3)
  A shadow (D:9)
  3 spriggans (Lair:3)
  A wraith (D:10)
  59 yaks
  4 basilisks
  Menkaure (D:5)
  4 water moccasins
  Duvessa (D:5)
  4 black bears
  6 orc warriors
  A sky beast (D:7)
  An ice beast (D:7)
  5 wolves (Lair:3)
  3 centaurs
  3 lemures
  11 bullfrogs
  3 scorpions
  Dowan (D:5)
  5 wights (D:10)
  6 killer bees (D:9)
  2 howler monkeys
  A bullfrog zombie (D:6)
  2 centaur zombies
  2 bullfrog skeletons
  2 hounds (D:5)
  2 jellies
  2 gnoll shamans
  11 orc priests
  Ijyb (D:5)
  Crazy Yiuf (D:5)
  Jessica (D:2)
  4 iguanas
  14 orc wizards
  2 killer bee zombies
  4 howler monkey zombies
  Robin (D:2)
  4 gnolls (D:4)
  4 adders
  A howler monkey skeleton (D:5)
  2 white imps
  A worm (D:2)
  4 dart slugs
  32 orcs
  3 bats
  5 endoplasms
  2 giant cockroaches
  13 goblins
  10 hobgoblins
  13 jackals
  3 kobolds
  3 quokkas
  14 ball pythons
  6 frilled lizards
  5 rats
338 creatures vanquished.

Vanquished Creatures (others)
  30 fungi
  54 plants
84 creatures vanquished.

Grand Total: 422 creatures vanquished

Notes
Turn   | Place    | Note
-------+----------+-------------------------------------------
     0 | Abyss:1  | ZombieSheep the Demonspawn Abyssal Knight began the quest
                  | for the Orb.
     0 | Abyss:1  | Reached XP level 1. HP: 18/18 MP: 2/2
    53 | Abyss:1  | Noticed an efreet
    54 | D:1      | Escaped the Abyss
   441 | D:1      | Gained mutation: You have sharp toenails. [demonic
                  | ancestry]
   441 | D:1      | Reached XP level 2. HP: 24/24 MP: 3/3
   533 | D:1      | Reached * piety under Lugonu
   589 | D:1      | Found a faded altar of an unknown god.
   739 | D:1      | Gained mutation: You are partially covered in razor-sharp
                  | scales. (AC +1, Slay +1) [demonic ancestry]
   739 | D:1      | Reached XP level 3. HP: 29/29 MP: 4/4
  1149 | D:2      | Noticed Jessica
  1165 | D:2      | Killed Jessica
  1166 | D:2      | Gained mutation: You have razor-sharp toenails. [demonic
                  | ancestry]
  1166 | D:2      | Reached XP level 4. HP: 34/37 MP: 5/5
  1243 | D:2      | Noticed Sigmund
  1249 | D:2      | Noticed Robin
  1296 | D:3      | Reached ** piety under Lugonu
  2050 | D:4      | Gained mutation: A meltable shield of frost defends you.
                  | (SH +4) [demonic ancestry]
  2050 | D:4      | Reached XP level 5. HP: 36/43 MP: 6/6
  2334 | D:4      | Reached skill level 5 in Fighting
  2466 | D:4      | Reached XP level 6. HP: 35/51 MP: 7/7
  3039 | D:4      | Noticed Pikel
  3359 | D:5      | Entered Level 5 of the Dungeon
  3484 | D:5      | Found a shimmering blue altar of Sif Muna.
  3759 | D:5      | Found a shadowy altar of Dithmenos.
  3759 | D:5      | Noticed Menkaure
  3775 | D:5      | Killed Menkaure
  3776 | D:5      | Gained mutation: Spells you cast may paralyse adjacent
                  | enemies. [demonic ancestry]
  3776 | D:5      | Reached XP level 7. HP: 4/57 MP: 8/10
  3777 | D:5      | Reached skill level 5 in Polearms
  4509 | D:5      | Noticed Dowan
  4511 | D:5      | Noticed Duvessa
  4531 | D:5      | Killed Duvessa
  4532 | D:5      | Reached skill level 5 in Invocations
  4554 | D:5      | Killed Dowan
  5024 | D:5      | Noticed Ijyb
  5049 | D:5      | Killed Ijyb
  5050 | D:5      | Reached XP level 8. HP: 58/65 MP: 12/12
  5090 | D:5      | Found a runed translucent door.
  5091 | D:5      | Noticed Crazy Yiuf
  5271 | D:4      | Killed Pikel
  5627 | D:2      | Found a stormy altar of Qazlal.
  5634 | D:2      | Reached *** piety under Lugonu
  5655 | D:2      | Killed Robin
  5952 | D:4      | Found a radiant altar of Vehumet.
  6405 | D:5      | Killed Crazy Yiuf
  6819 | D:6      | Found a staircase to the Ecumenical Temple.
  6820 | D:6      | Found a runed translucent door.
  6820 | D:6      | Noticed Carnifexus's ghost (novice GrFi)
  6978 | D:6      | Found Bucociatz's Book Emporium.
  7057 | D:6      | Found Daoggo Ocwi's Antique Weapon Emporium.
  7316 | D:7      | Found a bloodstained altar of Trog.
  7322 | D:7      | Found a sparkling altar of Nemelex Xobeh.
  7423 | D:7      | Reached XP level 9. HP: 33/73 MP: 13/15
  7812 | D:7      | Found a basalt altar of Yredelemnul.
  7813 | D:7      | Found a shimmering altar of Xom.
  8046 | D:7      | Reached skill level 1 in Dodging
  9117 | D:8      | Reached **** piety under Lugonu
  9147 | D:8      | Reached XP level 10. HP: 80/80 MP: 16/16
  9218 | D:8      | Identified the ring of Suteekh {Drain *Slow rCorr Int+6
                  | Dex+7}
  9614 | D:8      | Reached skill level 1 in Evocations
  9629 | D:8      | HP: 2/80 [yak (8)]
 10598 | D:9      | Found a staircase to the Orcish Mines.
 10625 | D:9      | Reached skill level 10 in Invocations
 11045 | D:9      | Reached ***** piety under Lugonu
 11468 | D:9      | Found an ornate altar of the Wu Jian Council.
 11519 | D:9      | Found a runed translucent door.
 11519 | D:9      | Noticed Myro's ghost (novice TrAM)
 11880 | D:10     | Entered Level 10 of the Dungeon
 12440 | D:10     | Noticed Sonja
 12441 | D:10     | Banished Sonja
 12442 | D:10     | Gained mutation: A meltable icy envelope protects you from
                  | harm. (AC +8) [demonic ancestry]
 12442 | D:10     | Reached XP level 11. HP: 84/85 MP: 14/19
 12445 | D:10     | Noticed a two-headed ogre
 12713 | D:10     | Killed a two-headed ogre
 12714 | D:10     | Reached skill level 10 in Polearms
 12714 | D:10     | Reached skill level 5 in Evocations
 13658 | D:10     | Found a burning altar of Makhleb.
 13658 | D:10     | Noticed a blizzard demon
 13691 | D:10     | Identified the +0 pair of boots "Vemaoczo" {Dex+3}
 13940 | Orc:1    | Entered Level 1 of the Orcish Mines
 13945 | Orc:1    | Noticed an orc knight
 13990 | D:11     | Noticed Urug
 13991 | D:11     | Banished Urug
 14133 | D:11     | Found a broken altar of Ashenzari.
 14378 | D:11     | Found a staircase to the Lair.
 14689 | D:11     | Noticed Harold
 14691 | D:11     | Banished Harold
 14990 | D:11     | Noticed Snorg
 14991 | D:11     | Banished Snorg
 15437 | Lair:1   | Entered Level 1 of the Lair of Beasts
 15969 | Lair:1   | Gained mutation: A meltable icy envelope protects you from
                  | harm. (AC +8) [demonic ancestry]
 15969 | Lair:1   | Reached XP level 12. HP: 80/93 MP: 21/21
 16523 | Lair:1   | Noticed Joseph
 16548 | Lair:1   | Killed Joseph
 16688 | Lair:1   | Noticed a seven-headed hydra
 16703 | Lair:1   | Killed a seven-headed hydra
 18280 | Lair:2   | Found a dark tunnel.
 18452 | Lair:2   | Reached skill level 10 in Fighting
 18577 | Lair:2   | Found a runed translucent door.
 18579 | Lair:2   | Found a shimmering altar of Xom.
 18579 | Lair:2   | Noticed Ekaitz's ghost (journeyman MfIE)
 18787 | Lair:2   | Found a staircase to the Shoals.
 19079 | Lair:3   | Noticed a six-headed hydra
 19435 | Lair:3   | Found a staircase to the Snake Pit.
 19830 | Lair:3   | Reached skill level 5 in Armour
 20480 | Lair:3   | Killed a six-headed hydra
 20481 | Lair:3   | Reached XP level 13. HP: 95/103 MP: 22/22
 20868 | Lair:3   | Identified a scroll of acquirement
 20869 | Lair:3   | Acquired the ring of Arrival {+Blink rN+ SInv Stlth+}
 21658 | Lair:4   | HP: 4/103 [catoblepas (20)]
 21658 | Lair:4   | Slain by a catoblepas

Illustrated notes

Levels and vault maps discovered:
D:1:      tarquinn_simple_flora_water_f, layout_rooms,
          ebering_ecumenical_altar_mist
D:2:      layout_basic, basic_altar, minmay_tetromino_i4, uniq_jessica,
          uniq_sigmund, uniq_robin
D:3:      layout_loops_ring
D:4:      layout_gridville, mainiacjoe_overflow_alcove_2, uniq_pikel
D:5:      layout_basic, mainiacjoe_overflow_cross_hatched, lemuel_tele_altar,
          item_on_display_b, uniq_ijyb, uniq_menkaure, uniq_duvessa,
          uniq_crazy_yiuf_cottage
D:6:      layout_cave_pools, minmay_temple_entry_statues, gammafunk_ghost_grave,
          serial_shops, shop, kennysheep_small_circle
D:7:      layout_cave_pools, nicolae_overflow_hidden_temple
D:8:      layout_cave_pools, due_unseen_surprise
D:9:      layout_rooms, pdpol_wu_jian_five_deadly_venoms, david_orc_3,
          hellmonk_ghost_happy_afterlife, minmay_orc_keep
D:10:     layout_rooms, makhleb_altar_promises_db, kennysheep_generic_room_9,
          uniq_sonja
D:11:     layout_loops_ring, david_lair_generic, cheibrodos_ashenzari_chains,
          uniq_harold, uniq_urug, uniq_snorg
Lair:1:   layout_regular_city, chequers_serial_rivers_large_a, st_stairs_9,
          uniq_joseph
Lair:2:   layout_gridlike, shoals_dummy_entry, ebering_ghost_xom,
          nicolae_volcano_entry_two_sided, eino_small_chamber_without_monster,
          grunt_megastairs_3, infiniplex_staircase_pool_2
Lair:3:   layout_loops_ring, dummy_snake_entry, wad_woods_02,
          lemuel_fruit_fields
Lair:4:   layout_layer_cave, serial_bayou_pond_b, serial_bayou_shore_b,
          infiniplex_staircase_pool, grunt_megastairs_5
Orc:1:    layout_caves, portal_ice_cave_entry_pillars_1

Skill      XL: |  1  2  3  4  5  6  7  8  9 10 11 12 13 |
---------------+----------------------------------------+-----
Polearms       | 2 3 4 5 6 8 9 11 12 | 12.0
Fighting       | 4 5 6 7 8 10 | 10.0
Invocations    | 4 5 8 9 10 12 | 12.5
Armour         | 2 3 5 6 |  6.3
Dodging        | 4 |  4.8
Evocations     | 4 7 9 |  9.4

Action                   |  1- 3 |  4- 6 |  7- 9 | 10-12 | 13-15 || total
-------------------------+-------+-------+-------+-------+-------++-------
Melee: Spear             |    97 |   248 |   480 |  1544 |   126 ||  2495
       Kick              |    12 |    24 |       |       |       ||    36
Throw: Throwing net      |       |       |     1 |       |       ||     1
Invok: Depart the Abyss  |     1 |       |       |       |       ||     1
       Banish            |       |       |     1 |     6 |       ||     7
       Bend Space        |       |       |       |       |     1 ||     1
Evoke: Wand              |       |       |     2 |     9 |     4 ||    15
  Use: Scroll            |     3 |     3 |     5 |    11 |     3 ||    25
       Potion            |       |       |     1 |     1 |     1 ||     3
 Stab: Distracted        |       |       |       |     1 |       ||     1
Armor: Ring mail         |    19 |    72 |    69 |       |       ||   160
       Scale mail        |       |       |    36 |   188 |       ||   224
       Chain mail        |       |       |       |   132 |    34 ||   166
Dodge: Dodged            |    40 |   160 |   198 |   513 |    37 ||   948
Block: Other             |       |    23 |    58 |   144 |    16 ||   241
